 Dungeon Crawl Stone Soup version 0.24-a0-537-g2d01d4ab0a (webtiles) character file.

Game seed: 2805132987033842824

862 Mithandil the Distorting Demonspawn (level 7, -7/54 HPs)
             Began as a Demonspawn Abyssal Knight on Aug 15, 2019.
             Was a Believer of Lugonu.
             Mangled by Menkaure (17 damage)
             ... on level 5 of the Dungeon.
             The game lasted 00:32:28 (5346 turns).

Mithandil the Distorting Demonspawn (DsAK)          Turns: 5346, Time: 00:32:29

Health: -7/54      AC: 13    Str: 18    XL:     7   Next: 72%
Magic:  10/10      EV:  6    Int: 14    God:    Lugonu [**....]
Gold:   215        SH:  0    Dex: 10    Spells: 6/6 levels left

rFire    + . .     SeeInvis .   a - +3 falchion
rCold    . . .     Gourm    .   (no shield)
rNeg     . . .     Faith    .   u - +1 plate armour
rPois    .         Spirit   .   l - +0 helmet
rElec    .         Reflect  .   (no cloak)
rCorr    +         Harm     .   (no gloves)
MR       +....                  (no boots)
Stlth    ..........             (no amulet)
HPRegen  0.18/turn              v - +4 ring of strength
MPRegen  0.12/turn              x - ring of resist corrosion

@: no status effects
A: talons 2, clumsy 1, fire resistance 1, magic resistance 1, sense surroundings
1
a: Depart the Abyss, Bend Space, Renounce Religion


You were on level 5 of the Dungeon.
You worshipped Lugonu.
Lugonu was pleased with you.
You were not hungry.

You visited 1 branch of the dungeon, and saw 6 of its levels.
You visited the Abyss 1 time.

You collected 215 gold pieces.

Inventory:

Hand Weapons
 a - a +3 falchion (weapon)
 b - a +0 hunting sling
 g - a +0 short sword
 m - a +0 spear
 n - a +2 hand axe of chopping
 t - a +0 great sword
 w - a +0 mace of crushing
 y - a +0 flail of protection
 F - a +0 war axe of chopping
 H - a +2 mace of venom
Missiles
 h - 72 stones
 k - 4 silver boomerangs (quivered)
 p - 29 poisoned darts
 r - 36 arrows
Armour
 l - a +0 helmet (worn)
 u - a +1 plate armour (worn)
Jewellery
 i - an uncursed ring of see invisible
 v - a +4 ring of strength (left hand)
 x - a ring of resist corrosion (right hand)
Wands
 j - a wand of digging (4)
 D - a wand of random effects (6)
Scrolls
 d - a scroll of teleportation
 f - 2 scrolls of remove curse
 q - a scroll of magic mapping
 B - a scroll of fog
Potions
 e - a potion of flight
 o - a potion of curing
Comestibles
 c - 7 rations


   Skills:
 + Level 4.2 Fighting
 * Level 4.5 Long Blades
 + Level 3.1 Armour
 + Level 2.6 Dodging
 + Level 2.6 Stealth
 + Level 2.5 Unarmed Combat
 + Level 4.6 Invocations


You had 6 spell levels left.
You didn't know any spells.
Your spell library contained the following spells:

 Spells                   Type           Power        Failure   Level  Hunger
 Confusing Touch          Hex            #.....       100%        1    ##.....
 Pain                     Necr           #...         100%        1    ##.....
 Confuse                  Hex            #.......     100%        3    ####...
 Gell's Gravitas          Tloc           #.........   100%        3    ####...
 Petrify                  Tmut/Erth      #.......     100%        4    #####..
 Metabolic Englaciation   Hex/Ice        #.........   100%        5    ######.
 Yara's Violent Unravell  Hex/Tmut       #.........   100%        5    ######.


Dungeon Overview and Level Annotations

Branches:
Dungeon (6/15)
 Temple: D:4-7

Altars:
Elyvilon
Kikubaaqudgha
Sif Muna
Vehumet
Yredelemnul
Zin

Annotations:
D:5 Menkaure


Innate Abilities, Weirdness & Mutations

You have razor-sharp toenails.
Your flesh is heat resistant. (rF+)
You are clumsy. (Dex -2)
You are resistant to hostile enchantments. (MR+)
You passively map a small area around you.


Message History

You're wearing all the rings you can.
Remove which one? (? for menu, Esc to quit)
You remove your ring of see invisible.
You feel stronger.
v - a +4 ring of strength (left hand)
a - a +3 falchion (weapon)
You see here a ring mail.
There is a stone staircase leading down here.
You climb downwards.
Level annotation: Menkaure Menkaure calls on the powers of darkness!
Your body is wracked with pain!
There is a stone staircase leading up here.
Menkaure calls on the powers of darkness!
Your body is wracked with pain!
* * * LOW HITPOINT WARNING * * *
Menkaure hits you!
* * * LOW HITPOINT WARNING * * *
Found 2 potions of magic.
You feel better. Menkaure hits you!
You die...

...#.........
, ....,.......
, ,
....##.....##
,
.....^......##
!............#
*
.............#
* ,
...[........(#
,
......M......#
.......@..<..#
.............#
............##
....#......##
* ......######
####.. ##. ,*
* ##* *


You could see Menkaure.

Vanquished Creatures
  Eustachio (D:5)
  Edmund (D:4)
  An ice beast (D:5)
  A phantom (D:4)
  2 crimson imps (D:5)
  An orc priest (D:3)
  A hound (D:4)
  Ijyb (D:5)
  3 worker ants (D:5)
  3 gnolls (D:5)
  6 adders
  3 oozes
  3 worms
  3 dart slugs (D:1)
  5 leopard geckos
  9 orcs
  3 giant cockroaches
  9 goblins
  3 hobgoblins
  3 quokkas
  A ball python skeleton (D:4)
  8 bats
  6 frilled lizards
  12 kobolds
  14 rats
103 creatures vanquished.

Notes
Turn   | Place    | Note
-------+----------+-------------------------------------------
     0 | Abyss:1  | Mithandil the Demonspawn Abyssal Knight began the quest for
                  | the Orb.
     0 | Abyss:1  | Reached XP level 1. HP: 18/18 MP: 2/2
    30 | Abyss:1  | Noticed a wight
    31 | D:1      | Escaped the Abyss
   408 | D:1      | Reached skill level 1 in Dodging
   416 | D:1      | Gained mutation: Your flesh is heat resistant. (rF+)
                  | [demonic ancestry]
   416 | D:1      | Reached XP level 2. HP: 12/24 MP: 3/3
   420 | D:1      | Reached * piety under Lugonu
  1059 | D:1      | Gained mutation: You have sharp toenails. [demonic
                  | ancestry]
  1059 | D:1      | Reached XP level 3. HP: 28/29 MP: 5/5
  1717 | D:2      | Reached skill level 1 in Stealth
  1788 | D:2      | Found a glowing silver altar of Zin.
  1921 | D:2      | Reached skill level 1 in Unarmed Combat
  1921 | D:2      | Gained mutation: You have razor-sharp toenails. [demonic
                  | ancestry]
  1921 | D:2      | Reached XP level 4. HP: 31/35 MP: 6/6
  2013 | D:2      | Reached ** piety under Lugonu
  2045 | D:2      | Gained mutation: You are clumsy. (Dex -2) [potion of
                  | mutation]
  2045 | D:2      | Gained mutation: You passively map a small area around you.
                  | [potion of mutation]
  2045 | D:2      | Gained mutation: You are resistant to hostile enchantments.
                  | (MR+) [potion of mutation]
  2674 | D:3      | Found a white marble altar of Elyvilon.
  2787 | D:3      | Found a radiant altar of Vehumet.
  3282 | D:3      | Found a faded altar of an unknown god.
  3302 | D:3      | Reached XP level 5. HP: 28/41 MP: 7/7
  3699 | D:3      | Found an ancient bone altar of Kikubaaqudgha.
  3700 | D:3      | Found a shimmering blue altar of Sif Muna.
  3705 | D:3      | Identified Kikubaaqudgha's Tome of the Lonely Wonders
  3778 | D:4      | Found a basalt altar of Yredelemnul.
  3782 | D:4      | Noticed Edmund
  3863 | D:4      | Killed Edmund
  3863 | D:4      | Reached XP level 6. HP: 29/47 MP: 8/8
  4016 | D:5      | Entered Level 5 of the Dungeon
  4171 | D:5      | Noticed Eustachio
  4217 | D:5      | Killed Eustachio
  4217 | D:5      | Reached XP level 7. HP: 38/53 MP: 8/10
  4334 | D:5      | Noticed Ijyb
  4351 | D:5      | Killed Ijyb
  5241 | D:5      | Noticed Menkaure
  5346 | D:5      | Mangled by Menkaure

Levels and vault maps discovered:
D:1:      dpeg_arrival_line_fractal, layout_loops_corners,
          chequers_hall_statues_corner_a, grunt_decor_arrowhead,
          serial_bayou_pond_e, hangedman_feature_mirror,
          chequers_serial_rivers_micro_c, serial_park_tiny_pond
D:2:      layout_loops_ring, nicolae_overflow_hidden_temple, first_ration
D:3:      layout_rooms, grunt_temple_overflow_magic_moments,
          lemuel_coloured_pillars_altar, chequers_ecumenical_altar_island
D:4:      layout_basic, lemuel_round_altar, serial_bayou, serial_bayou_pond_d,
          serial_bayou_pond_b, serial_bayou_pond_b, serial_bayou_pond_e,
          nrook_uturn, uniq_edmund
D:5:      layout_rooms, evilmike_ruin_ashenzari, uniq_ijyb, uniq_menkaure,
          uniq_eustachio
D:6:      wad_river_or_something, layout_basic, bloody_makhleb, fedhas_altar_3,
          nemelex_xobeh_ov_fountains_minmay,
          minmay_temple_entry_drinking_statues, kennysheep_generic_room_4

Skill      XL: |  1  2  3  4  5  6  7 |
---------------+----------------------+-----
Dodging        | 1 2 |  2.6
Long Blades    | 2 3 4 |  4.5
Armour         | 2 3 |  3.1
Invocations    | 3 4 |  4.6
Stealth        | 1 2 |  2.6
Unarmed Combat | 1 2 |  2.5
Fighting       | 4 |  4.2

Action                   |  1- 3 |  4- 6 |  7- 9 || total
-------------------------+-------+-------+-------++-------
Melee: Falchion          |   121 |   216 |   108 ||   445
       Kick              |     9 |    48 |    21 ||    78
       Punch             |       |     1 |     1 ||     2
Invok: Depart the Abyss  |     1 |       |       ||     1
Evoke: Wand              |       |       |     6 ||     6
  Use: Potion            |     5 |     5 |     5 ||    15
       Scroll            |     6 |     3 |     5 ||    14
  Eat: Chunk             |     3 |     4 |     4 ||    11
       Ration            |       |     1 |       ||     1
Armor: Leather armour    |     7 |       |       ||     7
       Chain mail        |    75 |     3 |       ||    78
       Plate armour      |       |   239 |   102 ||   341
Dodge: Dodged            |    32 |    57 |    21 ||   110
       Rpst.: Falchion   |     8 |    18 |     5 ||    31

Table legend:
 A = Non-vault XP
 B = Vault XP
 C = Vault XP percentage of total XP
 D = Non-vault monster count
 E = Vault monster count
 F = Vault count percentage of total count
                 A         B        C        D         E       F
            +---------+---------+-------+---------+---------+-------
      Total |     789 |     443 |  36.0 |      99 |       4 |   3.9
            +---------+---------+-------+---------+---------+-------
        D:1 |      49 |       0 |   0.0 |      23 |       0 |   0.0
        D:2 |      52 |       0 |   0.0 |      22 |       0 |   0.0
        D:3 |     144 |       0 |   0.0 |      32 |       0 |   0.0
        D:4 |     153 |     208 |  57.6 |       9 |       2 |  18.2
        D:5 |     391 |     235 |  37.5 |      13 |       2 |  13.3
            +---------+---------+-------+---------+---------+-------
